 Dungeon Crawl Stone Soup version 0.30-a0-800-g7c544603b3 (webtiles) character file.

Game seed: 3039257043817447189

1082 retardedninja the Shield-Bearer (level 8, -7/67 HPs)
             Began as a Gnoll Fighter on Feb 22, 2023.
             Mangled by a gnoll sergeant
             ... wielding a +5 vampiric spear
              (13 damage)
             ... on level 4 of the Dungeon.
             The game lasted 00:07:17 (5161 turns).

retardedninja the Shield-Bearer (Gnoll Fighter)     Turns: 5161, Time: 00:07:18

Health: -7/67      AC: 13    Str: 14 (16) XL:     8   Next: 30%
Magic:  12/12      EV:  3    Int: 12      God:
Gold:   196        SH: 11    Dex:  8 (11) Spells: 13/13 levels left

rFire   . . .      SeeInvis .    a - +0 war axe
rCold   . . .      Faith    .    d - +2 kite shield
rNeg    . . .      Spirit   .    r - +0 plate armour
rPois   .          Reflect  .    (no helmet)
rElec   .          Harm     .    (no cloak)
rCorr   .          Rampage  .    (no gloves)
Will    .....                    (no boots) Stlth
                                 (no amulet)
HPRegen 0.31/turn                (no ring)
MPRegen 0.13/turn                (no ring)

@: no status effects
A: fangs 1, strong nose, distributed training, clever 1
a: no special abilities


You were on level 4 of the Dungeon.
You visited 1 branch of the dungeon, and saw 5 of its levels.

You collected 196 gold pieces.

Inventory:

Hand Weapons
 a - a +0 war axe (weapon)
Missiles
 q - 3 javelins (quivered)
Armour
 d - a +2 kite shield (worn)
 r - a +0 plate armour (worn)
Wands
 j - a wand of paralysis (10)
 m - a wand of polymorph (13)
Scrolls
 b - a scroll of enchant armour {unknown}
 c - a scroll of amnesia
 e - 2 scrolls of immolation
 f - a scroll of noise {unknown}
 i - 2 scrolls of poison {unknown}
 k - a scroll of vulnerability {unknown}
 l - a scroll of identify {unknown}
 o - a scroll of blinking {unknown}


   Skills:
 + Level 7.4 Fighting
 + Level 3.2 Short Blades
 + Level 3.2 Long Blades
 + Level 5.7 Axes
 + Level 3.2 Maces & Flails
 + Level 3.2 Polearms
 + Level 3.2 Staves
 + Level 3.2 Ranged Weapons
 + Level 3.2 Throwing
 + Level 7.4 Armour
 + Level 3.2 Dodging
 + Level 3.2 Stealth
 + Level 7.4 Shields
 + Level 3.2 Unarmed Combat
 + Level 3.2 Spellcasting
 + Level 2.6 Conjurations
 + Level 2.6 Hexes
 + Level 2.6 Summonings
 + Level 2.6 Necromancy
 + Level 2.6 Translocations
 + Level 2.6 Transmutations
 + Level 2.6 Fire Magic
 + Level 2.6 Ice Magic
 + Level 2.6 Air Magic
 + Level 2.6 Earth Magic
 + Level 2.6 Poison Magic
 + Level 3.6 Invocations
 + Level 3.2 Evocations


You had 13 spell levels left.
You didn't know any spells.
Your spell library contained the following spells:

 Spells                   Type           Power      Damage    Failure   Level
 Foxfire                  Conj/Fire      32%        2x1d5     100%        1
 Slow                     Hex            32%        N/A       100%        1
 Summon Small Mammal      Summ           32%        N/A       100%        1
 Call Canine Familiar     Summ           8%         N/A       100%        3
 Confusing Touch          Hex            8%         N/A       100%        3
 Gell's Gravitas          Tloc           8%         N/A       100%        3
 Summon Guardian Golem    Hex/Summ       8%         N/A       100%        3
 Teleport Other           Tloc           8%         N/A       100%        3
 Vampiric Draining        Necr           8%         2d6       100%        3
 Fireball                 Conj/Fire      4%         3d4       100%        5
 Dispersal                Tloc           4%         N/A       100%        6
 Starburst                Conj/Fire      4%         6d3       100%        6


Dungeon Overview and Level Annotations

Branches:
Dungeon (5/15)
 Temple: D:4-7

Altars:
Wu Jian
The Shining One

Shops:
D:2 ?


Innate Abilities, Weirdness & Mutations

You have very sharp teeth.
Your uncanny sense of smell can sniff out nearby items.
Your experience applies equally to all skills.
Your mind is acute. (Int +4, Str/Dex -1)


Message History

You hit the gnoll sergeant.
The gnoll sergeant is heavily wounded.
You block the gnoll sergeant's attack.
You hit the gnoll sergeant.
The gnoll sergeant is severely wounded.
The gnoll sergeant hits you with a +5 vampiric spear.
You hit the gnoll sergeant.
The gnoll sergeant is severely wounded.
The gnoll sergeant hits you with a +5 vampiric spear!
* * * LOW HITPOINT WARNING * * *
The gnoll sergeant draws strength from your wounds!
The gnoll sergeant hits you but does no damage.
You hit the gnoll sergeant but do no damage.
The gnoll sergeant is moderately wounded.
You block the gnoll sergeant's attack.
You slash the gnoll sergeant! Your bite misses the gnoll sergeant.
The gnoll sergeant is severely wounded.
The gnoll sergeant hits you with a +5 vampiric spear.
* * * LOW HITPOINT WARNING * * *
The gnoll sergeant hits you but does no damage.
You barely miss the gnoll sergeant.
The gnoll sergeant is severely wounded.
You block the gnoll sergeant's attack.
You closely miss the gnoll sergeant. Your bite misses the gnoll sergeant.
The gnoll sergeant is severely wounded.
You block the gnoll sergeant's attack.
You barely miss the gnoll sergeant.
The gnoll sergeant is severely wounded.
You block the gnoll sergeant's attack.
The gnoll sergeant hits you with a +5 vampiric spear.
* * * LOW HITPOINT WARNING * * *
The gnoll sergeant draws strength from your wounds!
You aren't carrying any potions.
You slash the gnoll sergeant! Your bite misses the gnoll sergeant.
The gnoll sergeant is severely wounded.
The gnoll sergeant barely misses you.
You closely miss the gnoll sergeant.
The gnoll sergeant is severely wounded.
The gnoll sergeant hits you with a +5 vampiric spear!
You die...

.....).....................#
...........................#
(...........###..........###
#.##..).#.....#........###
##.#<..##..............#
##.........#...........######
#..........#.##.........##..##
.............................#
..........[.###.@g.......##..##
............#...>.##.....#....#
............#...)#####.###...##
................).##...###..##
...............>..##..##....#
...........................###
~~~~~~8...♣..................#
~~~~~~~.............##..##.###
≈~~~~~~...♣.........#....#.#


You could see a gnoll sergeant.

Vanquished Creatures
  An ice beast (D:4)
  3 phantoms (D:4)
  A scorpion (D:4)
  3 howler monkeys
  A jelly (D:5)
  A hound (D:5)
  2 orc priests (D:4)
  Natasha (thrice) (D:4)
  2 orc wizards (D:5)
  3 iguanas
  10 gnolls
  8 adders
  An ufetubus (D:4)
  A worm (D:4)
  4 dart slugs
  5 orcs
  9 endoplasms
  9 giant cockroaches
  3 goblins
  5 hobgoblins
  6 jackals
  9 kobolds
  6 quokkas
  5 ball pythons
  7 bats
  A frilled lizard (D:1)
  8 rats
117 creatures vanquished.

Vanquished Creatures (others)
  4 plants
4 creatures vanquished.

Grand Total: 121 creatures vanquished

Notes
Turn   | Place    | Note
-------+----------+-------------------------------------------
     0 | D:1      | retardedninja the Gnoll Fighter began the quest for the
                  | Orb.
     0 | D:1      | Reached XP level 1. HP: 23/23 MP: 1/1
    83 | D:1      | Reached XP level 2. HP: 28/29 MP: 2/2
   382 | D:1      | Reached XP level 3. HP: 35/35 MP: 3/3
   471 | D:1      | Reached skill level 1 in Invocations
   834 | D:2      | Reached skill level 1 in Short Blades
   834 | D:2      | Reached skill level 1 in Long Blades
   834 | D:2      | Reached skill level 1 in Maces & Flails
   834 | D:2      | Reached skill level 1 in Polearms
   834 | D:2      | Reached skill level 1 in Staves
   834 | D:2      | Reached skill level 1 in Ranged Weapons
   834 | D:2      | Reached skill level 1 in Throwing
   834 | D:2      | Reached skill level 1 in Dodging
   834 | D:2      | Reached skill level 1 in Stealth
   834 | D:2      | Reached skill level 1 in Unarmed Combat
   834 | D:2      | Reached skill level 1 in Spellcasting
   834 | D:2      | Reached skill level 1 in Evocations
   856 | D:2      | Reached XP level 4. HP: 38/41 MP: 5/5
   864 | D:2      | Reached skill level 1 in Conjurations
   864 | D:2      | Reached skill level 1 in Hexes
   864 | D:2      | Reached skill level 1 in Summonings
   864 | D:2      | Reached skill level 1 in Necromancy
   864 | D:2      | Reached skill level 1 in Translocations
   864 | D:2      | Reached skill level 1 in Transmutations
   864 | D:2      | Reached skill level 1 in Fire Magic
   864 | D:2      | Reached skill level 1 in Ice Magic
   864 | D:2      | Reached skill level 1 in Air Magic
   864 | D:2      | Reached skill level 1 in Earth Magic
   864 | D:2      | Reached skill level 1 in Poison Magic
  1115 | D:2      | Reached XP level 5. HP: 23/47 MP: 5/7
  1403 | D:2      | Found Ruiwus's Magic Scroll Emporium.
  1734 | D:2      | Identified the +1 mace of the Blushing Jester {drain, rC++
                  | Will- rCorr Stlth+}
  2271 | D:3      | Found an ornate altar of the Wu Jian Council.
  2271 | D:3      | Found a glowing golden altar of the Shining One.
  2872 | D:4      | Reached XP level 6. HP: 53/53 MP: 8/8
  2887 | D:4      | Reached skill level 5 in Axes
  2901 | D:4      | Noticed Natasha
  3008 | D:4      | Reached XP level 7. HP: 28/60 MP: 10/10
  3397 | D:4      | Killed Natasha
  3497 | D:4      | Noticed Natasha
  3506 | D:4      | Killed Natasha
  3597 | D:4      | Noticed Natasha
  3604 | D:4      | Killed Natasha
  3764 | D:5      | Entered Level 5 of the Dungeon
  3809 | D:5      | Gained mutation: Your system is resistant to poisons.
                  | (rPois) [potion of mutation]
  4158 | D:4      | Reached XP level 8. HP: 67/67 MP: 12/12
  4622 | D:5      | Lost mutation: Your system is resistant to poisons. (rPois)
                  | [potion of mutation]
  4622 | D:5      | Gained mutation: Your mind is acute. (Int +4, Str/Dex -1)
                  | [potion of mutation]
  5161 | D:4      | Mangled by a gnoll sergeant

Illustrated notes

Levels and vault maps discovered:
D:1:      minmay_arrival_nine_rooms, layout_basic
D:2:      layout_basic, serial_shops, shop_statue
D:3:      layout_loops_ring, gammafunk_temple_overflow_wave
D:4:      layout_cave_pools, serial_park, serial_park_fountain,
          serial_park_tiny_pond, serial_park_gazebo
          [serial_park_minivault_5x5_8], serial_park_avenue1, uniq_natasha
D:5:      layout_rooms, gup_sewer_entry_glass, kennysheep_cross_bottleneck,
          guppyfry_early_lair_pool

Skill      XL: |  1  2  3  4  5  6  7 |
---------------+----------------------+-----
Invocations    | 1 2 3 |  3.6
Short Blades   | 1 2 3 |  3.2
Long Blades    | 1 2 3 |  3.2
Maces & Flails | 1 2 3 |  3.2
Polearms       | 1 2 3 |  3.2
Staves         | 1 2 3 |  3.2
Ranged Weapons | 1 2 3 |  3.2
Throwing       | 1 2 3 |  3.2
Dodging        | 1 2 3 |  3.2
Stealth        | 1 2 3 |  3.2
Unarmed Combat | 1 2 3 |  3.2
Spellcasting   | 1 2 3 |  3.2
Evocations     | 1 2 3 |  3.2
Conjurations   | 1 2 |  2.6
Hexes          | 1 2 |  2.6
Summonings     | 1 2 |  2.6
Necromancy     | 1 2 |  2.6
Translocations | 1 2 |  2.6
Transmutations | 1 2 |  2.6
Fire Magic     | 1 2 |  2.6
Ice Magic      | 1 2 |  2.6
Air Magic      | 1 2 |  2.6
Earth Magic    | 1 2 |  2.6
Poison Magic   | 1 2 |  2.6
Axes           | 5 |  5.7
Fighting       | 7 |  7.4
Armour         | 7 |  7.4
Shields        | 7 |  7.4

Action                     |  1- 3 |  4- 6 |  7- 9 || total
---------------------------+-------+-------+-------++-------
  Melee: War axe           |    95 |   160 |   133 ||   388
         Bite              |     8 |    12 |    11 ||    31
         Unarmed           |       |       |    12 ||    12
  Throw: Javelin           |       |     5 |       ||     5
  Evoke: Wand              |       |     1 |     1 ||     2
    Use: Potion            |       |     2 |     6 ||     8
         Scroll            |       |     3 |     1 ||     4
 Armour: Scale mail        |    53 |    12 |       ||    65
         Chain mail        |       |    82 |    13 ||    95
         Plate armour      |       |       |    97 ||    97
         Skin              |       |       |     2 ||     2
  Dodge: Dodged            |    48 |    56 |    36 ||   140
  Block: Buckler           |    29 |    11 |       ||    40
         Kite shield       |       |   120 |   106 ||   226

Table legend: (Time is in decaauts)
 A = Elapsed time spent in this place.
 B = Non-inter-level travel time spent in this place.
 C = Inter-level travel time spent in this place.
 D = Time resting spent in this place.
 E = Time spent auto-exploring this place.
 F = Levels seen in this place.
 G = Mean time per level.
                   A        B        C        D        E       F      G
               +--------+--------+--------+--------+--------+-----+--------+
         Total |   5307 |   5209 |     98 |   1784 |   2338 |   5 | 1061.4 |
       Dungeon |   5307 |   5209 |     98 |   1784 |   2338 |   5 | 1061.4 |
               +--------+--------+--------+--------+--------+-----+--------+

Top non-repeatable levels by time:
     D:4: 2180 daAuts
     D:2: 1317 daAuts
     D:1: 801 daAuts
     D:3: 751 daAuts
     D:5: 256 daAuts
